 Dungeon Crawl Stone Soup version 0.27-a0-1051-g288ea87c7c (webtiles) character file.

Game seed: 7095838052273250624

718 siradein the Chiller (level 7, -5/41 (46) HPs)
             Began as a Demonspawn Ice Elementalist on Apr 21, 2021.
             Was a Follower of Lugonu.
             Slain by a wight
             ... wielding a +0 scimitar
              (6 damage)
             ... on level 5 of the Dungeon.
             The game lasted 00:18:47 (5879 turns).

siradein the Chiller (Demonspawn Ice Elementalist)  Turns: 5879, Time: 00:18:47

HP:   -5/41 (46)    AC: 10    Str:  8    XL:     7   Next: 42%
MP:   5/14          EV: 12    Int: 19    God:    Lugonu [*.....]
Gold: 366           SH:  0    Dex: 13    Spells: 9/16 levels left

rFire    . . .     SeeInvis .   j - +2 short sword (distort)
rCold    . . .     Faith    .   (no shield)
rNeg     . . .     Spirit   .   a - +0 robe
rPois    .         Reflect  .   (no helmet)
rElec    .         Harm     .   (no cloak)
rCorr    .         Rampage  .   h - +0 pair of gloves
Will     .....                  (boots unavailable)
Stlth    ++........             (no amulet)
HPRegen  0.13/turn              (no ring)
MPRegen  0.14/turn              (no ring)

@: ice-armoured, heavily drained
A: hooves 3, ignite blood 1
a: Renounce Religion, Depart the Abyss


You were on level 5 of the Dungeon.
You worshipped Lugonu.
Lugonu was aware of your devotion.
You visited 1 branch of the dungeon, and saw 5 of its levels.
You also visited: Sewer.

You collected 366 gold pieces.

Inventory:

Hand Weapons
 j - a +2 short sword of distortion (weapon)
Armour
 a - a +0 robe (worn)
 h - a +0 pair of gloves (worn)
Scrolls
 d - a scroll of fog
 e - a scroll of vulnerability {unknown}
Potions
 b - 5 potions of curing
 c - a potion of heal wounds {unknown}
 f - a potion of brilliance {unknown}
 g - a potion of flight {unknown}
 i - a potion of berserk rage {unknown}
 k - a potion of cancellation {unknown}
 m - a potion of might {unknown}


   Skills:
 - Level 1.7 Dodging
 - Level 1.7 Stealth
 + Level 5.1 Spellcasting
 + Level 6.0 Ice Magic
 + Level 4.5 Invocations


You had 9 spell levels left.
You knew the following spells:

 Your Spells              Type           Power      Damage    Failure   Level
a - Freeze                Ice            100%       1d11      1%          1
b - Frozen Ramparts       Ice            54%        1d7       3%          3
c - Ozocubu's Armour      Ice            27%        N/A       3%          3

Your spell library contained the following spells:

 Spells                   Type           Power      Damage    Failure   Level
 Magic Dart               Conj           16%        1d3       12%         1
 Blink                    Tloc           N/A        N/A       19%         2
 Call Imp                 Summ           4%         N/A       19%         2
 Searing Ray              Conj           8%         3d3       19%         2
 Slow                     Hex            4%         N/A       19%         2
 Hailstorm                Conj/Ice       16%        3d6       34%         4
 Conjure Flame            Conj/Fire      4%         6-21      36%         3
 Dazzling Flash           Conj/Hex       8%         N/A       36%         3
 Mephitic Cloud           Conj/Pois/Air  4%         N/A       36%         3
 Metabolic Englaciation   Hex/Ice        8%         N/A       69%         5
 Fulminant Prism          Conj/Hex       2%         3d6       77%         4
 Iskenderun's Mystic Bla  Conj/Tloc      4%         2d3       77%         4


Dungeon Overview and Level Annotations

Branches:
Dungeon (5/15)              Sewer (visited)
 Temple: D:4-7

Altars:
Gozag
Okawaru
Wu Jian
Xom
Zin
Lugonu

Shops:
D:3 *

Portals:
Abyss: D:3


Innate Abilities, Weirdness & Mutations

You have hooves in place of feet.
Your demonic aura sometimes causes spilled blood to erupt in flames


Message History

Found a pair of gloves.
There is an open door here.
The helpless hound skeleton fails to defend itself.
You hit the hound skeleton.
Space warps horribly around the hound skeleton!
The hound skeleton is almost destroyed.
The hound skeleton bites you.
The hound skeleton bites you but does no damage.
The hound skeleton bites you.
Casting: Ozocubu's Armour (dangerous; 3% risk of failure)
Confirm with . or Enter, or press ? or * to list all spells.
A film of ice covers your body!
You closely miss the wight. You kick the wight, but do no damage.
The wight hits you but does no damage.
You hit the wight.
Space bends around the wight.
The wight is heavily damaged.
The wight hits you with a +0 scimitar!
* * * LOW HITPOINT WARNING * * *
You feel drained.
* * * LOW HITPOINT WARNING * * *
You barely miss the wight.
The wight is heavily damaged.
The wight closely misses you. The wight hits you with a +0 scimitar.
* * * LOW HITPOINT WARNING * * *
You barely miss the wight. Your kick misses the wight.
The wight is heavily damaged.
The wight closely misses you.
You hit the wight.
The wight is heavily damaged.
The wight hits you with a +0 scimitar.
* * * LOW HITPOINT WARNING * * *
You hit the wight.
Space bends around the wight.
The wight is almost destroyed.
The wight hits you with a +0 scimitar.
* * * LOW HITPOINT WARNING * * *
You feel drained.
You barely miss the wight.
The wight is almost destroyed.
The wight hits you with a +0 scimitar.
You die...

(.....## #≈..#..##
≈≈≈≈≈...#
≈≈≈≈≈≈#.####### ##
≈≈≈≈≈≈........# ..
≈≈.≈≈≈........# .#
≈≈≈≈≈≈........# ..
≈≈≈≈≈≈#....#'#####.#
≈≈≈≈≈....z.#...z@[.#
#≈..#....###.#######
.........###.#
#............#
#.#+#####.####
#.#....##z#######
#.#..............
#.##.#.########
#.#....#


You could see a wight.

Vanquished Creatures
  Purgy (Sewer)
  An ice beast (D:5)
  An ogre (D:4)
  2 scorpions
  A wight (D:5)
  A centaur zombie (D:3)
  Natasha (twice) (D:4)
  3 gnolls (D:2)
  5 adders
  An ufetubus (D:4)
  3 worms
  2 dart slugs
  10 orcs (D:3)
  10 bats
  3 endoplasms
  4 giant cockroaches
  6 goblins
  7 hobgoblins
  2 jackals (D:4)
  7 kobolds
  A quokka (D:4)
  4 ball pythons
  4 frilled lizards
  3 rats
84 creatures vanquished.

Notes
Turn   | Place    | Note
-------+----------+-------------------------------------------
     0 | D:1      | siradein the Demonspawn Ice Elementalist began the quest
                  | for the Orb.
     0 | D:1      | Reached XP level 1. HP: 13/13 MP: 3/3
   314 | D:1      | Gained mutation: You have large cloven feet. [demonic
                  | ancestry]
   314 | D:1      | Reached XP level 2. HP: 8/19 MP: 0/5
  1317 | D:2      | Reached skill level 4 in Ice Magic
  1699 | D:2      | Gained mutation: You have hoof-like feet. [demonic
                  | ancestry]
  1699 | D:2      | Reached XP level 3. HP: 24/24 MP: 2/7
  2101 | D:2      | Reached XP level 4. HP: 30/30 MP: 4/8
  2105 | D:2      | Learned a level 3 spell: Frozen Ramparts
  2109 | D:2      | Learned a level 3 spell: Ozocubu's Armour
  3261 | D:3      | Found an opulent altar of Gozag.
  3444 | D:3      | Found a large runed translucent door.
  3445 | D:3      | Found a large runed translucent door.
  3450 | D:3      | Found a corrupted altar of Lugonu.
  3523 | D:3      | Gained mutation: Your demonic aura sometimes causes spilled
                  | blood to erupt in flames [demonic ancestry]
  3523 | D:3      | Reached XP level 5. HP: 25/35 MP: 4/10
  3654 | D:3      | Found an iron altar of Okawaru.
  3924 | D:3      | Found Zin's Purification Station.
  4124 | D:3      | Found a one-way gate to the infinite horrors of the Abyss.
  4438 | D:3      | Reached skill level 5 in Ice Magic
  4443 | D:3      | Became a worshipper of Lugonu the Unformed
  4443 | D:3      | Reached * piety under Lugonu
  4569 | D:4      | Noticed an ogre
  4579 | D:4      | Killed an ogre
  4580 | D:4      | Reached skill level 1 in Invocations
  4741 | D:4      | Reached XP level 6. HP: 25/41 MP: 3/12
  4976 | D:4      | Found a shimmering altar of Xom.
  4979 | D:4      | Found a shimmering altar of Xom.
  4981 | D:4      | Found a shimmering altar of Xom.
  4981 | D:4      | Found a shimmering altar of Xom.
  4982 | D:4      | Noticed Natasha
  4984 | D:4      | Found a shimmering altar of Xom.
  4984 | D:4      | Found a shimmering altar of Xom.
  4995 | D:4      | Killed Natasha
  5024 | D:4      | Found a shimmering altar of Xom.
  5147 | D:4      | Noticed Natasha
  5150 | D:4      | Killed Natasha
  5363 | D:4      | Found an ornate altar of the Wu Jian Council.
  5391 | D:5      | Entered Level 5 of the Dungeon
  5397 | D:5      | Found a glowing drain.
  5398 | D:5      | Noticed an ice beast
  5448 | D:5      | Killed an ice beast
  5449 | D:5      | Gained mutation: You have hooves in place of feet. [demonic
                  | ancestry]
  5449 | D:5      | Reached XP level 7. HP: 19/46 MP: 12/14
  5627 | Sewer    | Entered a sewer
  5662 | Sewer    | Noticed Purgy
  5677 | Sewer    | Killed Purgy
  5826 | D:5      | Reached skill level 5 in Spellcasting
  5839 | D:5      | Reached skill level 6 in Ice Magic
  5877 | D:5      | HP: 2/42 [wight/+0 scimitar (2)]
  5879 | D:5      | Slain by a wight

Illustrated notes

Levels and vault maps discovered:
D:1:      sevenhm_arrival_forest_fort_small_6, layout_basic
D:2:      layout_loops_ring
D:3:      due_chaos_kobolds, layout_loops_cross,
          nicolae_gozag_cash_rules_everything_around_me, amcnicky_altar_gilded,
          zin_purify
D:4:      layout_rooms, nicolae_xom_altar_mimics, overflow_temple_1_default,
          corexii_shack, chequers_decorated_corner, uniq_natasha
D:5:      layout_basic, trog_butcher_becter, minmay_temple_entry_large_hall,
          cheibrodos_sewer_entry_drain, serial_shops, kennysheep_little_box,
          uniq_sigmund, uniq_pikel, uniq_eustachio

Skill      XL: |  1  2  3  4  5  6  7 |
---------------+----------------------+-----
Ice Magic      | 4 5 6 |  6.0
Spellcasting   | 3 4 5 |  5.1
Invocations    | 2 3 4 |  4.5
Dodging        | |  1.7
Stealth        | |  1.7

Action                   |  1- 3 |  4- 6 |  7- 9 || total
-------------------------+-------+-------+-------++-------
Melee: Unarmed           |     1 |     1 |       ||     2
       Flail             |       |     6 |       ||     6
       Kick              |       |    10 |     3 ||    13
       Short sword       |       |    23 |    26 ||    49
 Cast: Freeze            |    57 |    40 |     2 ||    99
       Frozen Ramparts   |       |    16 |     3 ||    19
       Ozocubu's Armour  |       |     2 |     4 ||     6
  Use: Scroll            |       |     5 |       ||     5
 Stab: Distracted        |       |     1 |       ||     1
       Sleeping          |       |       |     1 ||     1
Armor: Robe              |     5 |    13 |     9 ||    27
Dodge: Dodged            |    20 |    54 |    22 ||    96

Table legend: (Time is in decaauts)
 A = Elapsed time spent in this place.
 B = Non-inter-level travel time spent in this place.
 C = Inter-level travel time spent in this place.
 D = Time resting spent in this place.
 E = Time spent auto-exploring this place.
 F = Levels seen in this place.
 G = Mean time per level.
                   A        B        C        D        E       F      G
               +--------+--------+--------+--------+--------+-----+--------+
         Total |   5901 |   5781 |    120 |    195 |   4840 |   6 |  983.5 |
       Dungeon |   5734 |   5614 |    120 |    195 |   4714 |   5 | 1146.8 |
         Sewer |    166 |    166 |      0 |      0 |    126 |   1 |  166.0 |
               +--------+--------+--------+--------+--------+-----+--------+

Top non-repeatable levels by time:
     D:2: 1936 daAuts
     D:1: 1311 daAuts
     D:3: 1259 daAuts
     D:4: 895 daAuts
     D:5: 332 daAuts
   Sewer: 166 daAuts
